 Dungeon Crawl Stone Soup version 0.29.1-2-gbd0b4ee654 (webtiles) character file.

Game seed: 8771919268798565997

74 GorkyZ the Shield-Bearer (level 4, -3/28 HPs)
             Began as a Gargoyle Fighter on Nov 30, 2022.
             Slain by Natasha (7 damage)
             ... on level 2 of the Dungeon.
             The game lasted 00:01:58 (1363 turns).

GorkyZ the Shield-Bearer (Gargoyle Fighter)         Turns: 1363, Time: 00:01:59

Health: -3/28      AC: 10    Str: 21    XL:     4   Next: 28%
Magic:  4/4        EV:  9    Int:  9    God:
Gold:   88         SH:  4    Dex:  9    Spells: 3/3 levels left

rFire   . . .      SeeInvis .   a - +0 war axe
rCold   . . .      Faith    .   c - +0 buckler
rNeg    + . .      Spirit   .   b - +0 scale mail
rPois   ∞          Reflect  .   (no helmet)
rElec   +          Harm     .   (no cloak)
rCorr   .          Rampage  .   (no gloves)
Will    .....                   (no boots)
Stlth   ..........              (no amulet)
HPRegen 0.09/turn               (no ring)
MPRegen 0.09/turn               (no ring)

@: no status effects
A: sickness immunity, AC +3, negative energy resistance 1, electricity
resistance, torment resistance 1, petrification resistance
a: no special abilities


You were on level 2 of the Dungeon.
You visited 1 branch of the dungeon, and saw 2 of its levels.

You collected 88 gold pieces.

Inventory:

Hand Weapons
 a - a +0 war axe (weapon)
 i - a +2 dagger of venom
Armour
 b - a +0 scale mail (worn)
 c - a +0 buckler (worn)
Scrolls
 g - a scroll of noise {unknown}
 k - a scroll of butterflies {unknown}
 m - a scroll of brand weapon {unknown}
Potions
 d - 2 potions of might
 e - 2 potions of invisibility {unknown}
 f - a potion of curing {unknown}
 h - a potion of berserk rage {unknown}
 j - a potion of lignification {unknown}
 l - a potion of flight {unknown}


   Skills:
 + Level 3.6 Fighting
 * Level 2.8 Axes
 + Level 0.9 Throwing
 + Level 3.5 Armour
 + Level 3.7 Shields
 + Level 0.9 Evocations


You had 3 spell levels left.
You didn't know any spells.
Your spell library was empty.

Dungeon Overview and Level Annotations

Branches:
Dungeon (2/15)

Altars:

Shops:
D:2 ?

Annotations:
D:2 Natasha, Terence


Innate Abilities, Weirdness & Mutations

You are immune to sickness and miasma.
Your stone body is resilient. (AC +3)
You are immune to poison.
You resist negative energy. (rN+)
You are resistant to electric shocks. (rElec)
You are resistant to unholy torment.
You are immune to petrification.


Message History

Natasha hisses angrily.
Found a moonstone ring.
Terence hits you with a +5 flail of draining!
Natasha mumbles some strange words.
You hit Terence.
Terence is moderately wounded.
Terence hits you with a +5 flail of draining.
The white imp picks up a beetle and eats it.
Terence hits you with a +5 flail of draining.
You barely miss Terence.
Terence is moderately wounded.
Natasha mumbles some strange words.
Terence hits you with a +5 flail of draining.
You are too injured to fight recklessly!
You are too injured to fight recklessly!
You are too injured to fight recklessly!
You are too injured to fight recklessly!
You are too injured to fight recklessly!
You are too injured to fight recklessly!
You are too injured to fight recklessly!
You are too injured to fight recklessly!
You are too injured to fight recklessly!
You are too injured to fight recklessly!
You are too injured to fight recklessly!
You are too injured to fight recklessly!
You are too injured to fight recklessly!
You are too injured to fight recklessly!
You are too injured to fight recklessly!
You are too injured to fight recklessly!
You are too injured to fight recklessly!
You are too injured to fight recklessly!
You are too injured to fight recklessly!
You are too injured to fight recklessly!
You are too injured to fight recklessly!
Unknown command.
Natasha attacks as you move away! You block Natasha's attack.
Terence hits you with a +5 flail of draining.
* * * LOW HITPOINT WARNING * * *
Natasha attacks as you move away! Natasha claws you!
You die...

......... #...=. ..
........# .....#..
........# ......
........#### .....
............. ...####
.........# .. .5∩.∩#
#.#.#†#..#####.##@...#
...))..(....##..@h∩.∩#
#.#<#.#.............##
..†.........######.#######
#.#.#)#.....######.......#
.....................###.#
#.#.#.#......######.##
.............# ...
#.#.#.#......# ....#
................ ......


You could see Terence, Natasha and a crimson imp (summoned).

Vanquished Creatures
  3 gnolls (D:2)
  An adder (D:2)
  A worm (D:2)
  6 endoplasms (D:1)
  A giant cockroach (D:2)
  2 goblins (D:1)
  3 hobgoblins (D:1)
  A quokka (D:1)
  5 ball pythons
  3 frilled lizards
  5 kobolds
  3 rats (D:1)
34 creatures vanquished.

Notes
Turn   | Place    | Note
-------+----------+-------------------------------------------
     0 | D:1      | GorkyZ the Gargoyle Fighter began the quest for the Orb.
     0 | D:1      | Reached XP level 1. HP: 14/14 MP: 1/1
   334 | D:1      | Reached XP level 2. HP: 19/19 MP: 2/2
  1009 | D:1      | Reached XP level 3. HP: 23/23 MP: 3/3
  1253 | D:2      | Reached XP level 4. HP: 22/28 MP: 4/4
  1354 | D:2      | Found Esuttiw's Magic Scroll Shop.
  1357 | D:2      | Noticed Terence
  1357 | D:2      | Noticed Natasha
  1363 | D:2      | Slain by Natasha

Illustrated notes

Levels and vault maps discovered:
D:1:      dpeg_arrival_arbitrary_c, layout_basic
D:2:      layout_rooms, serial_shops, nicolae_shop_competitors_out_of_business,
          st_stairs_9, uniq_natasha, uniq_terence, uniq_crazy_yiuf_cottage

Skill      XL: |  1 |
---------------+----+-----
Axes           | 2 |  2.8
Fighting       | |  3.6
Throwing       | |  0.9
Armour         | |  3.5
Shields        | |  3.7
Evocations     | |  0.9

Action                   |  1- 3 |  4- 6 || total
-------------------------+-------+-------++-------
Melee: War axe           |    65 |    14 ||    79
Armor: Scale mail        |    33 |    10 ||    43
Dodge: Dodged            |    32 |     4 ||    36
Block: Buckler           |    17 |     3 ||    20
